 Dungeon Crawl Stone Soup version 0.32-a0-43-g058985b245 (console) character file.

Game seed: 10610496690114788662

9905 petzl the Thaumaturge (level 11, -1/127 HPs)
             Began as a Formicid Delver on Feb 4, 2024.
             Was an Initiate of Vehumet.
             Succumbed to a redback's poison
             ... in a Gauntlet.
             The game lasted 01:16:01 (11804 turns).

petzl the Thaumaturge (Formicid Delver)            Turns: 11804, Time: 01:16:01

Health: -1/127     AC: 25    Str: 17    XL:     11   Next: 83%
Magic:  25/32      EV:  2    Int: 14    God:    Vehumet [......]
Gold:   191        SH:  0    Dex: 15    Spells: 18/26 levels left

rFire   . . .        l - +0 flail (protect)
rCold   . . .        (no shield)
rNeg    . . .        d - melded +0 leather armour
rPois   +            (helmet unavailable)
rElec   .            n - melded +0 cloak
rCorr   .            P - melded +0 pair of gloves
SInv    .            K - melded +1 pair of boots
Will    +....        z - amulet of regeneration
Stlth   +++          r - +5 ring of evasion
HPRegen 1.21/turn    D - ring of magical power
MPRegen 0.23/turn

%: no passive effects
@: lethally poisoned (-1 -> -29), tree-form
A: stationary, stasis, torment immunity, boosted hp, permanent stasis, dig
shafts and tunnels, (antennae 3), four strong arms
a: Renounce Religion


You were in a Gauntlet.
You worshipped Vehumet.
Vehumet was noncommittal.
You were a tree.
You visited 2 branches of the dungeon, and saw 15 of its levels.
You also visited: Gauntlet.

You collected 599 gold pieces.
You spent 408 gold pieces at shops.

Inventory:

Hand Weapons
 a - a +6 spectral club
 b - a +3 sling of draining
 c - a +0 dagger of venom {!f =f}
 l - a +0 flail of protection (weapon)
 w - a +2 heavy hand axe {!f =f}
 x - a +3 dagger of freezing {!f =f}
 y - a +0 orcbow of draining
 B - a +5 great sword
 E - a +2 flail of holy wrath
 U - a +1 scimitar of distortion
 V - a +2 quarterstaff of chaos
Missiles
 j - 25 poisoned darts
 G - 2 throwing nets
 R - a curare-tipped dart
Armour
 d - a +0 leather armour (melded)
 n - a +0 cloak (melded)
 K - a +1 pair of boots (melded)
 P - a +0 pair of gloves (melded)
 T - a +0 kite shield
Magical Staves
 e - a staff of conjuration
 X - a staff of air
Jewellery
 i - a ring of protection from cold
 m - a ring of ice
 r - a +5 ring of evasion (left branch)
 u - a ring of fire
 z - an amulet of regeneration (around neck)
 D - a ring of magical power (right branch)
Wands
 f - a wand of digging (5)
 h - a wand of charming (2)
 p - a wand of roots (3)
 t - a wand of flame (52)
 J - a wand of polymorph (2)
Scrolls
 g - 2 scrolls of enchant weapon
 k - a scroll of silence
 o - 3 scrolls of fog
 q - 2 scrolls of fear
 s - 2 scrolls of torment
 v - a scroll of amnesia
 L - 2 scrolls of brand weapon
 N - a scroll of vulnerability
 O - a scroll of poison
 S - 2 scrolls of butterflies
 W - 2 scrolls of enchant armour
Potions
 I - a potion of enlightenment {unknown}
 M - a potion of magic {unknown}
 Y - a potion of cancellation {unknown}


   Skills:
 - Level 7.7 Fighting
 - Level 2.7(3.0) Maces & Flails
 - Level 1.4(2.3) Staves
 - Level 6.0 Ranged Weapons
 - Level 5.0 Armour
 - Level 4.6 Dodging
 - Level 6.0 Stealth
 - Level 1.0 Shields
 + Level 8.1 Spellcasting
 + Level 7.2 Conjurations
 + Level 3.7 Air Magic
 * Level 7.2 Alchemy
 - Level 2.0 Evocations


You had 18 spell levels left.
You knew the following spells:

 Your Spells              Type           Power      Damage    Failure   Level
a - Sting                 Conj/Alch      100%       1d9       1%          1
m - Mephitic Cloud        Conj/Alch/Air  22%        N/A       3%          3
T - Olgreb's Toxic Radia  Alch           26%        N/A       6%          4

Your spell library contained the following spells:

 Spells                   Type           Power      Damage    Failure   Level
 Magic Dart               Conj           100%       1d8       1%          1
 Searing Ray              Conj           50%        2d6       1%          2
 Fulminant Prism          Conj/Alch      12%        3d8       6%          4
 Apportation              Tloc           10%        N/A       13%         1
 Necrotise                Necr           20%        1d5       13%         1
 Summon Small Mammal      Summ           20%        N/A       13%         1
 Ensorcelled Hibernation  Hex/Ice        10%        N/A       19%         2
 Alistair's Intoxication  Alch           17%        N/A       19%         5
 Call Canine Familiar     Summ           5%         N/A       36%         3
 Passwall                 Erth           5%         N/A       36%         3
 Sigil of Binding         Hex            5%         N/A       36%         3
 Summon Ice Beast         Ice/Summ       5%         N/A       36%         3
 Dimensional Bullseye     Hex/Tloc       2%         N/A       77%         4
 Summon Blazeheart Golem  Fire/Summ      5%         N/A       77%         4
 Summon Mana Viper        Hex/Summ       5%         N/A       98%         5
 Monstrous Menagerie      Summ           2%         N/A       100%        7
 Swiftness                Air            Unusable   N/A       N/A         3

Dungeon Overview and Level Annotations

Branches:
Dungeon (15/15)            Temple (1/1) D:7         Gauntlet (1/1)
   Lair: D:8-11         Orc: D:9-12      Vaults: D:13-14     Depths: D:15

Altars:
Ashenzari
Cheibriados
Dithmenos
Elyvilon
Fedhas
Gozag
Hepliaklqana
Kikubaaqudgha
Makhleb
Nemelex Xobeh
Okawaru
Qazlal
Ru
Sif Muna
Trog
Uskayaw
Vehumet
Wu Jian
Xom
Yredelemnul
Zin
The Shining One

Shops:
D:4 [   D:10 ?**

Annotations:
D:8 3 runed translucent doors, exclusions: downstairs and upstairs
D:10 exclusion: 2 downstairs Gauntlet 7 transporters


Innate Abilities, Weirdness & Mutations

You are a tree.
Your roots penetrate the ground, keeping you stationary.
You cannot be teleported.
You are immune to unholy pain and torment.
Your maximum health is greatly increased.
Your equipment is partially melded.
You cannot be hasted, slowed, berserked, paralysed or teleported.
You can dig through walls and to a lower floor.
((You have a pair of large antennae on your head. (SInv)))
Your four strong arms can wield two-handed weapons with a shield.


Message History

You are poisoned.
The redback poisons you! The redback bites you.
The redback looks even sicker. x2
Your toxic aura wanes.
You feel extremely sick. The redback closely misses you.
The redback barely misses you.
You feel extremely sick. The redback bites you!
You are lethally poisoned!
The redback poisons you!
You feel extremely sick. The redback attacks as it pursues you!
The redback bites you!
Really quaff the potion of lignification?
You turn into a tree.
Your +0 cloak melds into your body.
Your +0 pair of gloves melds into your body.
Your +1 pair of boots melds into your body.
Your +0 leather armour melds into your body.
Your roots penetrate the ground.
* * * LOW HITPOINT WARNING * * *
You feel extremely sick.
You kill the redback!
Vehumet accepts your kill.
The redback bites you but does no damage.
The redback bites you.
* * * LOW HITPOINT WARNING * * *
The redback bites you but does no damage.
The redback bites you!
* * * LOW HITPOINT WARNING * * *
Casting: Olgreb's Toxic Radiance (dangerous; 6% risk of failure)
Confirm with . or Enter, or press ? or * to list all spells.
You begin to radiate toxic energy.
The redback is poisoned. x2
The redback looks even sicker.
* * * LOW HITPOINT WARNING * * *
You feel extremely sick.
The redback bites you but does no damage. x2
It was a potion of haste.
Your stasis prevents you from being hasted.
The redback looks even sicker. x2
Your toxic aura wanes.
You die...

#≈..#########..#.........#§§##
##.....#©#.....#.........#§.≈#
#§.....#©#.....#.#######.#..##
##..#########..##.#.#.#.##..§#
#§§.#.......#..#....©....#..##
##..####.####..#.#x#x#.#.#..≈#
#≈..#..#.#.G#..#.#######.#..##
##..#.##©##.#..#.........#..≈#
#≈..#.#..G#.#..#..?xX....#..##
##..#.#...#.#..###########..≈#
#≈..#G.[©.!.#......#©#......##
##..#########......#©#......≈#
#≈.....#©#.....###########..##
##.....#©#.....#.........#..≈#
#§..#########..#.#..y{.#.#..##
##..#....##2#..#..#####..#..≈#
#≈..##..##.h#..#..##.##..#..##
##..###.#...#..#....©sss.#..§#
#≈..#.##.##©#..#..##.##♣.#..##
##..#...#.###..#..#####..#..≈#
#≈..#..##.:##..#.#.....#.#..##
##..#.##©.?h#..#...=©?!..#..≈#
#≈..#########..###########..##
##...........∩..............≈#
#≈..§§......................##
###≈#§#≈#≈########§#≈#≈#≈#≈##
#########.©..©.###########
#......# ..........
............ .##.##.##.##


You could see 3 redbacks.

Vanquished Creatures
  2 boulder beetles (D:14)
  2 two-headed ogres
  A manticore (D:14)
  A cyclops (D:13)
  An unseen horror (D:10)
  A kobold demonologist (D:9)
  Grinder (D:3)
  Sigmund (D:4)
  A shadow (D:7)
  2 wraiths
  Eustachio (D:5)
  A vampire mosquito (D:14)
  Edmund (D:4)
  A redback (Gauntlet)
  2 water moccasins
  3 orc warriors
  3 ice beasts
  A sky beast (D:7)
  An ogre (D:6)
  5 centaurs
  4 phantoms
  4 kobold brigands
  3 gnoll sergeants
  6 bullfrogs
  A small abomination (Gauntlet)
  3 scorpions
  11 wights
  5 killer bees
  An electric eel (D:9)
  5 jellies
  2 howler monkeys (D:4)
  2 hounds
  Crazy Yiuf (D:2)
  A bombardier beetle (D:7)
  7 orc priests
  4 sleepcaps
  4 iguanas
  Ijyb (D:3)
  Natasha (thrice) (D:4)
  8 orc wizards
  Robin (D:3)
  16 gnolls
  8 adders
  A white imp (D:7)
  3 dart slugs
  37 orcs
  5 bats
  5 endoplasms
  5 giant cockroaches
  19 goblins
  9 hobgoblins
  4 jackals (D:1)
  2 quokkas
  8 ball pythons
  2 frilled lizards
  16 kobolds
  5 rats
254 creatures vanquished.

Vanquished Creatures (collateral kills)
  A killer bee (D:10)
1 creature vanquished.

Vanquished Creatures (others)
  A killer bee (D:10)
  A spectral weapon (D:14)
2 creatures vanquished.

Grand Total: 257 creatures vanquished

Notes
Turn   | Place    | Note
-------+----------+-------------------------------------------
     0 | D:5      | petzl the Formicid Delver began the quest for the Orb.
     0 | D:5      | Reached XP level 1. HP: 18/18 MP: 1/1
    10 | D:5      | Noticed a scorpion
    65 | D:5      | Noticed an orc priest
    65 | D:5      | Noticed an orc wizard
    65 | D:5      | Noticed an orc priest
    66 | D:5      | Noticed an orc priest
    70 | D:5      | Noticed a phantom
   147 | D:4      | Noticed a howler monkey
   195 | D:4      | Noticed Sigmund
   208 | D:3      | Noticed Ijyb
   247 | D:3      | Reached skill level 1 in Ranged Weapons
   247 | D:3      | Reached skill level 1 in Spellcasting
   247 | D:3      | Reached XP level 2. HP: 24/24 MP: 1/3
   330 | D:3      | Noticed a phantom
   537 | D:2      | Reached XP level 3. HP: 29/29 MP: 4/4
   919 | D:1      | Reached XP level 4. HP: 35/35 MP: 6/6
  1705 | D:2      | Found a hazy altar of Hepliaklqana.
  1827 | D:2      | Found a runed translucent door.
  1828 | D:2      | Noticed Crazy Yiuf
  2032 | D:3      | Reached skill level 1 in Staves
  2049 | D:3      | Reached skill level 2 in Spellcasting
  2114 | D:2      | You fall into a shaft and drop 1 floor!
  2149 | D:3      | Found a sacrificial altar of Ru.
  2165 | D:3      | Reached XP level 5. HP: 38/41 MP: 8/8
  2344 | D:3      | Noticed Grinder
  2365 | D:3      | Killed Grinder
  2366 | D:3      | Reached skill level 3 in Spellcasting
  2366 | D:3      | Reached XP level 6. HP: 24/47 MP: 8/10
  2567 | D:2      | You fall into a shaft and drop 1 floor!
  2885 | D:3      | Noticed Robin
  2889 | D:3      | Killed Robin
  2890 | D:3      | Reached skill level 5 in Ranged Weapons
  2890 | D:3      | Reached XP level 7. HP: 48/52 MP: 12/12
  2964 | D:3      | Killed Ijyb
  3137 | D:4      | Noticed Natasha
  3162 | D:4      | You fall into a shaft and drop 1 floor!
  3177 | D:5      | You fall into a shaft and drop 2 floors!
  3199 | D:7      | You fall into a shaft and drop 3 floors!
  3199 | D:10     | Entered Level 10 of the Dungeon
  3751 | D:9      | Found a white marble altar of Elyvilon.
  3825 | D:9      | Reached skill level 4 in Spellcasting
  3997 | D:8      | Reached XP level 8. HP: 55/58 MP: 13/15
  4062 | D:8      | Reached skill level 5 in Spellcasting
  4145 | D:8      | Noticed a shadow
  4162 | D:7      | Killed a shadow
  4163 | D:7      | Reached skill level 6 in Spellcasting
  4207 | D:7      | You fall into a shaft and drop 3 floors!
  4377 | D:8      | Reached skill level 7 in Spellcasting
  4457 | D:8      | Reached skill level 1 in Armour
  4457 | D:8      | Reached skill level 1 in Conjurations
  4457 | D:8      | Reached skill level 1 in Evocations
  4457 | D:8      | Reached XP level 9. HP: 64/64 MP: 19/19
  4653 | D:8      | Found a runed translucent gate.
  4653 | D:8      | Found a runed translucent gate.
  4653 | D:8      | Found a runed translucent gate.
  4654 | D:8      | Noticed a green ugly thing
  4654 | D:8      | Noticed a red ugly thing
  4655 | D:8      | Noticed a cyan ugly thing
  4657 | D:8      | Noticed a red ugly thing
  4658 | D:8      | Noticed a white ugly thing
  5303 | D:4      | Found Delitui's Antique Armour Emporium.
  5308 | D:4      | Bought a pair of embroidered boots for 165 gold pieces
  5561 | D:5      | You fall into a shaft and drop 2 floors!
  5851 | D:5      | Reached skill level 5 in Fighting
  5899 | D:5      | Noticed Eustachio
  5910 | D:5      | Killed Eustachio
  5958 | D:4      | Noticed Edmund
  5973 | D:4      | Killed Natasha
  6109 | D:4      | Killed Edmund
  6110 | D:4      | Reached XP level 10. HP: 74/74 MP: 20/20
  6211 | D:4      | Noticed Natasha
  6215 | D:4      | Killed Natasha
  6253 | D:4      | Killed Sigmund
  6265 | D:4      | Bought a cloak for 99 gold pieces
  6277 | D:4      | Noticed Natasha
  6278 | D:4      | Killed Natasha
  6761 | D:5      | Reached skill level 5 in Conjurations
  6965 | D:6      | Noticed a boulder beetle
  7297 | D:6      | You fall into a shaft and drop 2 floors!
  7484 | D:7      | Found a staircase to the Ecumenical Temple.
  7615 | Temple   | Entered the Ecumenical Temple
  7649 | D:7      | Found a snail-covered altar of Cheibriados.
  8346 | D:9      | Noticed a two-headed ogre
  8375 | D:9      | Killed a two-headed ogre
  8376 | D:9      | Reached skill level 5 in Armour
  8450 | D:9      | Identified a scroll of acquirement
  8451 | D:9      | Acquired the Information on Interference and Degeneration
  8457 | D:9      | Learned a level 3 spell: Mephitic Cloud
  8462 | D:9      | Learned a level 4 spell: Olgreb's Toxic Radiance
  8599 | D:9      | Reached skill level 1 in Alchemy
  8781 | D:9      | Found a shadowy altar of Dithmenos.
  8782 | D:9      | Found a radiant altar of Vehumet.
  8788 | D:9      | Became a worshipper of Vehumet
  8930 | D:9      | Reached skill level 1 in Air Magic
  9001 | D:10     | Noticed an unseen horror
  9013 | D:10     | Killed an unseen horror
  9014 | D:10     | Reached XP level 11. HP: 76/84 MP: 21/21
  9103 | D:10     | Found Lycannot's Magic Scroll Shoppe.
  9116 | D:10     | Bought a scroll of fear for 48 gold pieces
  9116 | D:10     | Bought a scroll of identify for 24 gold pieces
  9117 | D:10     | Bought a scroll of identify for 24 gold pieces
  9117 | D:10     | Bought a scroll of identify for 24 gold pieces
  9117 | D:10     | Bought a scroll of identify for 24 gold pieces
  9125 | D:11     | Noticed a skeletal warrior
  9125 | D:11     | Noticed a skeletal warrior
  9125 | D:11     | Noticed a skeletal warrior
  9437 | D:10     | Found Ytaefun's General Store.
  9441 | D:10     | Found Arupp's Specific Store.
  9891 | D:11     | Noticed a boulder beetle
  9953 | D:11     | Noticed an orc sorcerer
  9954 | D:11     | Noticed an orc sorcerer
 10192 | D:2      | Killed Crazy Yiuf
 10596 | D:8      | Reached skill level 1 in Shields
 10960 | D:10     | You fall into a shaft and drop 3 floors!
 11032 | D:13     | Noticed a cyclops
 11071 | D:13     | Reached skill level 5 in Alchemy
 11076 | D:13     | Killed a cyclops
 11118 | D:14     | Noticed a manticore
 11128 | D:14     | Killed a manticore
 11163 | D:14     | Noticed a boulder beetle
 11184 | D:14     | Killed a boulder beetle
 11187 | D:14     | Learned a level 1 spell: Sting
 11198 | D:14     | Noticed a boulder beetle
 11224 | D:15     | Entered Level 15 of the Dungeon
 11319 | D:14     | Killed a boulder beetle
 11320 | D:14     | Reached skill level 8 in Spellcasting
 11328 | D:14     | Found a gate leading to a gauntlet.
 11389 | D:14     | Noticed a two-headed ogre
 11401 | D:14     | Killed a two-headed ogre
 11415 | Gauntlet | Entered a Gauntlet
 11415 | Gauntlet | Found a transporter.
 11415 | Gauntlet | Found a transporter.
 11415 | Gauntlet | Found a transporter.
 11445 | Gauntlet | Found a transporter.
 11447 | Gauntlet | Found a transporter.
 11447 | Gauntlet | Noticed a large abomination
 11449 | Gauntlet | Found a transporter.
 11456 | Gauntlet | Found a transporter.
 11457 | Gauntlet | Found a transporter.
 11458 | Gauntlet | Found a transporter.
 11460 | Gauntlet | Found a transporter.
 11465 | Gauntlet | Noticed a moth of wrath
 11468 | Gauntlet | Found a transporter.
 11468 | Gauntlet | Noticed a hell beast
 11469 | Gauntlet | Found a transporter.
 11699 | Gauntlet | HP: 4/85 [small abomination (16)]
 11711 | Gauntlet | HP: 2/85 [small abomination (16)]
 11804 | Gauntlet | Succumbed to a redback's poison

Illustrated notes

Levels and vault maps discovered:
D:1:      sevenhm_arrival_forest_fort_small_1, layout_loops_corners
D:2:      layout_loops_ring, basic_altar, serial_park_tiny_pond, hex_large,
          grunt_decor_mini_mirrors, minmay_misc_feat_nine_boxes,
          uniq_crazy_yiuf_cottage
D:3:      layout_basic, nicolae_ru_great_annihilating_truth, uniq_ijyb,
          uniq_grinder, uniq_robin
D:4:      layout_rooms, serial_shops, nicolae_shop_hallway_plus, uniq_edmund,
          uniq_sigmund, uniq_natasha
D:5:      kb_forest_paths, layout_basic, uniq_eustachio
D:6:      nicolae_BIG_FREAKIN_CUBE, layout_rooms, uniq_menkaure
D:7:      layout_rooms, slow_altar_1, temple_pool_b, serial_library,
          serial_library_hellmonk_open_square,
          serial_library_hellmonk_long_bookcase, serial_library_hellmonk_h_bend,
          serial_library_regret_index_double_sided,
          serial_library_hellmonk_secret_room,
          serial_library_hellmonk_hallway_b,
          serial_library_hellmonk_open_square,
          serial_library_hellmonk_layered_room,
          serial_library_hellmonk_junction, serial_library_hellmonk_room_b,
          serial_library_regret_index_multi
D:8:      layout_basic, ploomutoo_gammafunk_ghost_potion_laboratory
D:9:      layout_loops_ring, elyvilon_altar_4, nicolae_overflow_squiral
D:10:     layout_basic, serial_shops, shop, nicolae_specific_store,
          nicolae_tricolors
D:11:     cheibrodos_wizards_tower, layout_small_grid, david_lair_generic,
          kennysheep_orc_monster_closet_entryway
D:13:     layout_basic, serial_shops, nicolae_stop_n_shop_1
D:14:     layout_basic, ximxim_vaults_locker_room, gauntlet_entry_generic,
          amcnicky_mini_pool_small
D:15:     grunt_enter_depths_snipers, layout_stronghold, reono_crystal_passage,
          uniq_nessos, uniq_rupert
Temple:   minmay_temple_bridge_d
Gauntlet: minmay_gauntlet_mixed_big_or_small [gammafunk_gauntlet_arena_hedges,
          minmay_gauntlet_arena_77_tiled_triplets,
          gammafunk_gauntlet_arena_teeth, minmay_gauntlet_arena_77_mirror,
          nicolae_gauntlet_arena_blocks, minmay_gauntlet_arena_77_fan,
          gauntlet_exit_green]

Skill      XL: |  1  2  3  4  5  6  7  8  9 10 11 |
---------------+----------------------------------+-----
Ranged Weapons | 1 2 3 4 5 6 |  6.0
Spellcasting   | 1 2 3 4 7 8 |  8.1
Staves         | 1 |  1.4
Dodging        | 2 3 4 |  4.6
Armour         | 1 3 5 |  5.0
Conjurations   | 1 4 6 7 |  7.2
Evocations     | 1 2 |  2.0
Fighting       | 5 7 |  7.7
Alchemy        | 2 7 |  7.2
Air Magic      | 1 3 |  3.7
Shields        | 1 |  1.0
Maces & Flails | |  2.7
Stealth        | |  6.0

Action                     |  1- 3 |  4- 6 |  7- 9 | 10-12 || total
---------------------------+-------+-------+-------+-------++-------
  Melee: Mace              |     5 |       |       |       ||     5
         Quarterstaff      |     2 |    17 |       |       ||    19
         Club              |       |       |   150 |   303 ||   453
         Dagger            |       |       |     9 |       ||     9
         Punch             |       |       |     4 |     6 ||    10
         Flail             |       |       |       |     2 ||     2
   Fire: Sling             |    61 |    73 |   214 |   143 ||   491
   Cast: Olgreb's Toxic Ra |       |       |       |    12 ||    12
Ability: Dig               |     1 |       |       |     6 ||     7
         Shaft Self        |       |     2 |     5 |     2 ||     9
  Evoke: Wand              |       |    10 |     7 |    14 ||    31
    Use: Scroll            |     2 |     3 |     3 |    12 ||    20
         Potion            |       |       |     1 |    14 ||    15
   Stab: Sleeping          |       |       |     1 |       ||     1
         Distracted        |       |       |     3 |    10 ||    13
         Invisible         |       |       |       |     1 ||     1
 Armour: Leather armour    |    15 |    22 |   111 |   214 ||   362
         Skin              |       |       |       |     7 ||     7
  Dodge: Dodged            |    18 |    30 |   168 |   364 ||   580

Table legend: (Time is in decaauts)
 A = Elapsed time spent in this place.
 B = Non-inter-level travel time spent in this place.
 C = Inter-level travel time spent in this place.
 D = Time resting spent in this place.
 E = Time spent auto-exploring this place.
 F = Levels seen in this place.
 G = Mean time per level.
                   A        B        C        D        E       F      G
               +--------+--------+--------+--------+--------+-----+--------+
         Total |  11926 |  10565 |   1361 |   1164 |   5204 |  16 |  745.4 |
       Dungeon |  11533 |  10173 |   1360 |   1084 |   5058 |  14 |  823.8 |
        Temple |      1 |      0 |      1 |      0 |      0 |   1 |    1.0 |
      Gauntlet |    390 |    390 |      0 |     80 |    146 |   1 |  390.0 |
               +--------+--------+--------+--------+--------+-----+--------+

Top non-repeatable levels by time:
     D:8: 1611 daAuts
     D:9: 1357 daAuts
    D:10: 1296 daAuts
     D:3: 1208 daAuts
     D:7: 1176 daAuts
     D:5: 1117 daAuts
     D:1: 968 daAuts
     D:2: 944 daAuts
     D:4: 784 daAuts
     D:6: 549 daAuts
Gauntlet: 390 daAuts
    D:14: 253 daAuts
    D:13: 162 daAuts
    D:11: 60 daAuts
    D:15: 42 daAuts
